 Dungeon Crawl Stone Soup version 0.31-a0-1576-ga3383bade6 (webtiles) character file.

Game seed: 10248896827705632204

4470 lunkers the Thaumaturge (level 10, -8/60 HPs)
             Began as a Djinni Earth Elementalist on Jan 4, 2024.
             Was a Priest of Ashenzari.
             Killed by divine providence
             ... invoked by an orc priest
              (15 damage)
             ... on level 8 of the Dungeon.
             The game lasted 00:08:56 (6799 turns).

lunkers the Thaumaturge (Djinni Earth Elementalist) Turns: 6799, Time: 00:08:57

Health: -8/60      AC:  6    Str:  7    XL:     10   Next: 64%
Gold:   622        EV: 12    Int: 21    God:    Ashenzari [***...] SH:  5 Dex: 20

rFire   + + .        b - +2 falchion of Curses and Power {protect, Elem, Melee} (curse)
rCold   x . .        p - +0 buckler
rNeg    . . .        f - +1 robe "Per Aspera Ad Scientiam" {rPois, Fort, Bglg} (curse)
rPois   ∞            r - +0 helmet
rElec   .            i - +0 cloak "Ruined Portent" {Elem, Sorc} (curse)
rCorr   .            n - +0 pair of gloves of the Celestial Seer {Dev, Comp} (curse)
SInv    +            (boots unavailable)
Will    +....        (no amulet)
Stlth   ++           k - ring "Lashed Portent" {Dex+6, Comp, Self} (curse)
HPRegen 0.30/turn    (no ring)
MPRegen 0.00/turn

%: clarity, infuse magic (-9 HP)
@: about to teleport, flying
A: sickness immunity, fire resistance 2, cold vulnerability 1, float, innate
caster, HP casting, extra vitality 1
a: Renounce Religion, Shatter the Chains


You were on level 8 of the Dungeon.
You worshipped Ashenzari.
Ashenzari was most pleased with you.
You visited 1 branch of the dungeon, and saw 8 of its levels.
You also visited: Sewer.

You collected 622 gold pieces.

Inventory:

Hand Weapons
 b - the cursed +2 falchion of Curses and Power (weapon) {protect, Elem, Melee}
   (You found it on level 1 of the Dungeon)

   It has a curse which improves the following skills: Elements: Fire Magic, Ice
   Magic, Air Magic and Earth Magic.
   Melee Combat: Short Blades, Long Blades, Axes, Maces & Flails, Polearms,
   Staves and Unarmed Combat.
Missiles
 s - 2 throwing nets
Armour
 a - a +0 robe
 f - the cursed +1 robe "Per Aspera Ad Scientiam" (worn) {rPois, Fort, Bglg}
   (You found it on level 4 of the Dungeon)

   rPois:     It protects you from poison It has a curse which improves the
   following skills: Fortitude: Armour and Shields.
   Beguiling: Hexes and Translocations.
 i - the cursed +0 cloak "Ruined Portent" (worn) {Elem, Sorc}
   (You found it on level 1 of the Dungeon)

   It has a curse which improves the following skills: Elements: Fire Magic, Ice
   Magic, Air Magic and Earth Magic.
   Sorcery:   Conjurations and Alchemy.
 n - the cursed +0 pair of gloves of the Celestial Seer (worn) {Dev, Comp}
   (You found it on level 3 of the Dungeon)

   It has a curse which improves the following skills: Devices: Evocations and
   Shapeshifting.
   Companions: Summonings and Necromancy.
 p - a +0 buckler (worn)
 r - a +0 helmet (worn)
 y - a scarf of shadows
Jewellery
 k - the cursed ring "Lashed Portent" (left hand) {Dex+6, Comp, Self}
   (You took it off a hobgoblin on level 2 of the Dungeon)

   [ring of dexterity]

   Dex+6:     It affects your dexterity (+6).
   It has a curse which improves the following skills: Companions: Summonings
   and Necromancy.
   Introspection: Fighting and Spellcasting.
Talismans
 j - a storm talisman
Wands
 u - a wand of quicksilver (14)
 C - a wand of polymorph (25)
 D - a wand of flame (16)
Scrolls
 d - a scroll of poison
 l - 4 scrolls of teleportation
 o - 2 scrolls of fog
 w - a scroll of enchant weapon
 z - a scroll of revelation
 A - a scroll of torment
 B - a scroll of enchant armour
Potions
 c - a potion of heal wounds
 e - 2 potions of lignification
 g - 3 potions of brilliance
 h - 2 potions of haste
 m - a potion of attraction
 q - 3 potions of curing
 t - 3 potions of enlightenment
 v - a potion of might
 x - a potion of mutation
 E - a potion of ambrosia


   Skills:
 - Level 2.1 Dodging
 - Level 1.5 Stealth
 + Level 12.0(13.4) Spellcasting
 + Level 12.0(13.4) Conjurations
 + Level 12.0(13.4) Hexes
   Level 0.0 Charms
 + Level 12.0(14.2) Summonings
 + Level 12.0(14.2) Necromancy
 + Level 12.0(13.4) Translocations
   Level 0.0 Transmutations
 + Level 12.0(14.2) Fire Magic
 + Level 12.0(14.2) Ice Magic
 + Level 12.0(14.2) Air Magic
 + Level 12.0(14.2) Earth Magic
 + Level 12.0(13.4) Alchemy


You knew the following spells:

 Your Spells              Type           Power      Damage    Failure   Level
a - Sandblast             Erth           100%       2d20      1%          1
b - Passwall              Erth           65%        N/A       1%          3
c - Stone Arrow           Conj/Erth      100%       3d13      1%          3
d - Petrify               Alch/Erth      64%        N/A       1%          4
e - Brom's Barrelling Bo  Conj/Erth      64%        2d8       1%          4
f - Sting                 Conj/Alch      100%       1d9       1%          1
g - Ensorcelled Hibernat  Hex/Ice        100%       N/A       1%          2
h - Summon Ice Beast      Ice/Summ       65%        N/A       1%          3
i - Swiftness             Air            65%        N/A       1%          3
Your spell library was empty.

Dungeon Overview and Level Annotations

Branches:
Dungeon (8/15)             Temple (0/1) D:6           Sewer (visited)
   Lair: D:8-11

Altars:
Ashenzari
Fedhas
Gozag
Nemelex Xobeh
Okawaru
Xom

Shops:
D:5 *

Annotations:
D:7 3 runed translucent doors, innerfire43's ghost, novice DsMo


Innate Abilities, Weirdness & Mutations

You are immune to sickness and miasma.
You are immune to poison.
Your flesh is very heat resistant. (rF++)
You are vulnerable to cold. (rC-)
You float through the air rather than walking.
You learn spells naturally, not from books.
Your magical power is your life essence.
You have superior vitality. (+4 MHP)


Message History

You block the lance of force.
Unknown command.
Unknown command.
Casting: Stone Arrow (safe; 1% risk of failure)
Confirm with . or Enter, or press ? or * to list all spells.
Aiming: Stone Arrow (safe; 1% risk of failure)
Press: ? - help, Shift-Dir - straight line, f/p - arcanist
Aim: an arcanist, wielding a +4 short sword and wearing a +0 leather armour (69% to hit)
The stone arrow hits the arcanist!
The arcanist is moderately wounded.
Unknown command.
Casting: Stone Arrow (safe; 1% risk of failure)
Confirm with . or Enter, or press ? or * to list all spells.
Aiming: Stone Arrow (safe; 1% risk of failure)
Press: ? - help, Shift-Dir - straight line, f/p - arcanist
Aim: an arcanist, wielding a +4 short sword and wearing a +0 leather armour (moderately wounded, 69% to hit)
The stone arrow misses the arcanist.
* * * LOW HITPOINT WARNING * * *
The orc priest calls down the wrath of Beogh upon you.
Beogh smites you!
* * * LOW HITPOINT WARNING * * *
Casting: Stone Arrow (safe; 1% risk of failure)
Confirm with . or Enter, or press ? or * to list all spells.
Aiming: Stone Arrow (safe; 1% risk of failure)
Press: ? - help, Shift-Dir - straight line, f/p - arcanist
Aim: an arcanist, wielding a +4 short sword and wearing a +0 leather armour (moderately wounded, 69% to hit)
The stone arrow misses the arcanist.
* * * LOW HITPOINT WARNING * * *
The orc priest invokes the aid of Beogh against you.
Beogh smites you!
* * * LOW HITPOINT WARNING * * *
The arcanist hits you with a +4 short sword.
* * * LOW HITPOINT WARNING * * *
Unknown command.
As you read the scroll of teleportation, it crumbles to dust.
You feel strangely unstable. You block the arcanist's attack.
Unknown command.
The orc priest calls down the wrath of Beogh upon you.
Beogh smites you!
You die...

##. ### ?..##
.....# ......
..[.## #.$.#
#[.)### ###)@.#
#.p)#.# #.o.#)#
.....##.#
{..?....#..#
......##.##
....####.#
##########..#
#####.###......##


You could see an arcanist and an orc priest.

Vanquished Creatures
  A troll (D:7)
  A hornet (D:8)
  A shadow (D:7)
  4 steam dragons
  An acid dragon (D:6)
  2 water moccasins
  An orc warrior (D:6)
  2 ice beasts
  2 black bears
  2 ogres
  3 centaurs
  2 phantoms (D:4)
  3 bullfrogs
  2 scorpions
  A water moccasin zombie (D:5)
  6 wights
  3 howler monkeys
  5 bullfrog zombies (D:5)
  A human zombie (D:5)
  2 bombardier beetles
  2 gnoll boudas
  3 hounds
  4 orc priests (D:6)
  2 iguanas
  3 orc wizards
  2 sleepcaps
  2 killer bee zombies (D:5)
  A howler monkey zombie (D:5)
  A howler monkey skeleton (D:5)
  16 adders
  12 gnolls
  5 river rats
  3 shadow imps
  3 white imps
  3 dart slugs
  7 ribbon worms
  17 orcs
  6 endoplasms
  6 giant cockroaches
  3 hobgoblins
  7 jackals
  8 quokkas
  11 ball pythons
  10 bats
  A frilled lizard (Sewer)
  4 goblins
  6 kobolds
  15 rats
208 creatures vanquished.

Notes
Turn   | Place    | Note
-------+----------+-------------------------------------------
     0 | D:1      | lunkers the Djinni Earth Elementalist began the quest for
                  | the Orb.
     0 | D:1      | lunkers set off with the following spells memorised:
                  | Sandblast, Passwall, Stone Arrow, Petrify, Brom's
                  | Barrelling Boulder.
     0 | D:1      | Reached XP level 1. HP: 15/15 MP: 0/0
   178 | D:1      | Reached XP level 2. HP: 20/21 MP: 0/0
   337 | D:1      | Found a faded altar of an unknown god.
   672 | D:1      | Reached XP level 3. HP: 24/25 MP: 0/0
   672 | D:1      | Learned a level 1 spell: Sting
   994 | D:2      | Reached XP level 4. HP: 24/31 MP: 0/0
  1497 | D:3      | Found a broken altar of Ashenzari.
  1506 | D:3      | Found a shimmering altar of Xom.
  1512 | D:3      | Reached XP level 5. HP: 34/35 MP: 0/0
  1512 | D:3      | Learned a level 2 spell: Ensorcelled Hibernation
  1812 | D:3      | Became a worshipper of Ashenzari the Shackled
  1939 | D:4      | Noticed a phantom
  1952 | D:4      | Killed a phantom
  1953 | D:4      | Reached skill level 5 in Spellcasting
  1953 | D:4      | Reached skill level 5 in Conjurations
  1953 | D:4      | Reached skill level 5 in Hexes
  1953 | D:4      | Reached skill level 5 in Summonings
  1953 | D:4      | Reached skill level 5 in Necromancy
  1953 | D:4      | Reached skill level 5 in Translocations
  1953 | D:4      | Reached skill level 5 in Fire Magic
  1953 | D:4      | Reached skill level 5 in Ice Magic
  1953 | D:4      | Reached skill level 5 in Air Magic
  1953 | D:4      | Reached skill level 5 in Earth Magic
  1953 | D:4      | Reached skill level 5 in Alchemy
  1953 | D:4      | Reached XP level 6. HP: 16/40 MP: 0/0
  2076 | D:4      | Identified the +1 robe of Nice Mirth {rPois}
  2512 | D:4      | Noticed a black bear
  2512 | D:4      | Noticed an ogre
  2517 | D:4      | Killed an ogre
  2518 | D:4      | Reached XP level 7. HP: 32/45 MP: 0/0
  2518 | D:4      | Learned a level 3 spell: Summon Ice Beast
  3004 | D:5      | Entered Level 5 of the Dungeon
  3004 | D:5      | Found Dycireng's Assorted Antiques.
  3008 | D:5      | Noticed a steam dragon
  3189 | D:5      | Reached XP level 8. HP: 36/50 MP: 0/0
  3621 | D:5      | Reached * piety under Ashenzari
  3841 | D:5      | Reached XP level 9. HP: 53/55 MP: 0/0
  3841 | D:5      | Learned a level 3 spell: Swiftness
  3979 | D:6      | Found an opulent altar of Gozag.
  4419 | D:6      | Found a glowing drain.
  4426 | Sewer    | Entered a sewer
  4433 | Sewer    | Reached ** piety under Ashenzari
  5000 | D:6      | Found a staircase to the Ecumenical Temple.
  5002 | D:6      | Reached skill level 10 in Spellcasting
  5002 | D:6      | Reached skill level 10 in Conjurations
  5002 | D:6      | Reached skill level 10 in Hexes
  5002 | D:6      | Reached skill level 10 in Summonings
  5002 | D:6      | Reached skill level 10 in Necromancy
  5002 | D:6      | Reached skill level 10 in Translocations
  5002 | D:6      | Reached skill level 10 in Fire Magic
  5002 | D:6      | Reached skill level 10 in Ice Magic
  5002 | D:6      | Reached skill level 10 in Air Magic
  5002 | D:6      | Reached skill level 10 in Earth Magic
  5002 | D:6      | Reached skill level 10 in Alchemy
  5314 | D:6      | Found a sparkling altar of Nemelex Xobeh.
  5314 | D:6      | Found an iron altar of Okawaru.
  5553 | D:7      | Found a runed translucent gate.
  5554 | D:7      | Found a runed translucent gate.
  5555 | D:7      | Found a runed translucent gate.
  5556 | D:7      | Noticed innerfire43's ghost (novice DsMo)
  5657 | D:7      | Reached XP level 10. HP: 59/60 MP: 0/0
  5666 | D:7      | Reached *** piety under Ashenzari
  5995 | D:7      | Found a blossoming altar of Fedhas.
  6776 | D:8      | Noticed an arcanist
  6799 | D:8      | Killed from afar by an orc priest

Illustrated notes

Levels and vault maps discovered:
D:1:      dpeg_arrival_simpleton_b, layout_basic,
          hellmonk_ecumenical_altar_slurped_away, hangedman_decor_push,
          serial_bayou_lagoon_b
D:2:      layout_loops_ring
D:3:      layout_rooms, xom_butterflies, mainiacjoe_overflow_alcove_2
D:4:      layout_loops_ring, minivault_5, chequers_serial_rivers_micro_c,
          hangedman_decor_lopped
D:5:      layout_basic, lemuel_mausoleum_altar_kikubaaqudgha, serial_shops, shop
D:6:      layout_basic, gammafunk_temple_overflow_wave,
          nicolae_gozag_cash_rules_everything_around_me,
          minmay_temple_entry_mist, lightli_sewer_entry_pipes
D:7:      layout_loops_ring, fedhas_bush_and_centaur_altar,
          biasface_ghost_orc_armoury
D:8:      layout_rooms, grunt_potential, uniq_erica, uniq_prince_ribbit1

Skill      XL: |  1  2  3  4  5  6  7  8  9 10 |
---------------+-------------------------------+-----
Spellcasting   | 4 5 6 7 8 10 12 | 12.0
Conjurations   | 4 5 6 7 8 10 12 | 12.0
Hexes          | 4 5 6 7 8 10 12 | 12.0
Summonings     | 4 5 6 7 8 10 12 | 12.0
Necromancy     | 4 5 6 7 8 10 12 | 12.0
Translocations | 4 5 6 7 8 10 12 | 12.0
Fire Magic     | 4 5 6 7 8 10 12 | 12.0
Ice Magic      | 4 5 6 7 8 10 12 | 12.0
Air Magic      | 4 5 6 7 8 10 12 | 12.0
Earth Magic    | 4 5 6 7 8 10 12 | 12.0
Alchemy        | 4 5 6 7 8 10 12 | 12.0
Dodging        | |  2.1
Stealth        | |  1.5

Action                     |  1- 3 |  4- 6 |  7- 9 | 10-12 || total
---------------------------+-------+-------+-------+-------++-------
   Cast: Sandblast         |    44 |    56 |   181 |    66 ||   347
         Stone Arrow       |       |       |     3 |     4 ||     7
 Invoke: Curse Item        |       |       |     3 |     2 ||     5
    Use: Scroll            |       |     6 |     4 |     1 ||    11
 Armour: Robe              |     3 |    15 |    58 |    14 ||    90
  Dodge: Dodged            |     6 |    14 |    42 |    10 ||    72
  Block: Buckler           |       |     3 |    20 |     5 ||    28

Table legend: (Time is in decaauts)
 A = Elapsed time spent in this place.
 B = Non-inter-level travel time spent in this place.
 C = Inter-level travel time spent in this place.
 D = Time resting spent in this place.
 E = Time spent auto-exploring this place.
 F = Levels seen in this place.
 G = Mean time per level.
                   A        B        C        D        E       F      G
               +--------+--------+--------+--------+--------+-----+--------+
         Total |   6969 |   6643 |    326 |    134 |   5385 |   9 |  774.3 |
       Dungeon |   6430 |   6104 |    326 |    134 |   5022 |   8 |  803.8 |
         Sewer |    539 |    539 |      0 |      0 |    363 |   1 |  539.0 |
               +--------+--------+--------+--------+--------+-----+--------+

Top non-repeatable levels by time:
     D:4: 1205 daAuts
     D:6: 1076 daAuts
     D:7: 1066 daAuts
     D:5: 915 daAuts
     D:1: 851 daAuts
     D:2: 625 daAuts
   Sewer: 539 daAuts
     D:3: 440 daAuts
     D:8: 250 daAuts
